[Event "*** Titled Tuesday Blitz"]
[Site "Chess.com"]
[Date "2020.05.12"]
[Round "1"]
[White "HrvojeZagreb"]
[Black "Fusikk"]
[Result "0-1"]
[WhiteElo "2160"]
[BlackElo "2516"]
[TimeControl "180+1"]
[EndTime "10:07:38 PDT"]
[Termination "Fusikk won by checkmate"]

1. d4 e6 2. Bf4 b6 3. Nc3 Bb7 4. e4 Bb4 5. Bd3 Nf6 6. f3 d5 7. e5 Nfd7 8. Ne2 c5 9. Bb5 a6 10. Bxd7+ Nxd7 11. a3 Bxc3+ 12. bxc3 a5 13. O-O Ba6 14.
Rf2 O-O 15. a4 Qc7 16. Ng3 f5 17. Rb1 Rac8 18. Qd2 Qc6 19. Nh5 cxd4 20. cxd4 Rf7 21. g4 fxg4 22. fxg4 Qxa4 23. g5 Qa2 24. Re1 Rcf8 25. Re3 Qb1+ 26. Kg2 Qb4 27. Qd1 Rf5 28. Nf6+ gxf6 29. gxf6 Kh8 30. Rg3 Rf7 31. Bh6 Rxf2+ 32. Kxf2 Nxf6 33. exf6 Rxf6+ 34. Kg1 Rf1+ 35. Qxf1 Bxf1 36.
Bg7+ Kg8 37. Kxf1 Kf7 38. Be5 Qb1+ 39. Kg2 Qxc2+ 40. Kh3 Qf5+ 41. Kg2 Qe4+ 42. Kf2 a4 43. Rg7+ Ke8 44. Rxh7 b5 45. Rb7 a3 46. Rxb5 a2 47. Ra5 Qc2+ 48. Kg3 a1=Q 49. Rxa1 Qc3+ 50. Kf4 Qxa1 51. Kg5 Kf7 52. h4 Qg1+ 53. Kh5 Qg6# 0-1

[Event "*** Titled Tuesday Blitz"]
[Site "Chess.com"]
[Date "2020.05.12"]
[Round "1"]
[White "ristingho"]
[Black "Belka1989"]
[Result "1-0"]
[WhiteElo "2501"]
[BlackElo "2091"]
[TimeControl "180+1"]
[EndTime "10:07:38 PDT"]
[Termination "ristingho won by resignation"]

1. d4 Nf6 2. c4 e5 3. dxe5 Ng4 4. Bf4 Bb4+ 5. Nd2 Nc6 6. Nf3 Qe7 7. a3 Ngxe5 8. Nxe5 Nxe5 9. e3 Bxd2+ 10. Qxd2 d6 11. Be2 b6 12. O-O Bb7 13. b4 O-O 14. Rac1 Nd7 15.
Qd4 f5 16. Rfe1 a5 17. h3 axb4 18. axb4 h6 19. Ra1 g5 20. Bg3 Rfe8 21. Bd3 f4 22. Bh2 Qe5 23. Rxa8 Bxa8 24. Ra1 Qxd4 25. exd4 Be4 26. Bf1 Nf8 27. d5 Bf5 28. h4 Ng6 29.
hxg5 hxg5 30. g3 fxg3 31. Bxg3 Ne5 32. f4 gxf4 33. Bxf4 Nd3 34. Bg3 Re3 35. Kh2 Re7 36. b5 Rh7+ 37. Kg1 Re7 38. Ra8+ Kf7 39. Ra3 Nc5 40. Rf3 Kg6 41. Bh4 Be4 42. Rg3+ Kh5 43.
Bxe7 1-0

[Event "*** Titled Tuesday Blitz"]
[Site "Chess.com"]
[Date "2020.05.12"]
[Round "1"]
[White "Shuvalov"]
[Black "zurzan"]
[Result "0-1"]
[WhiteElo "2461"]
[BlackElo "1985"]
[TimeControl "180+1"]
[EndTime "10:07:38 PDT"]
[Termination "zurzan won on time"]

1. e4 d6 2. d4 Nf6 3. Bd3 e5 4.
Ne2 Nbd7 5. O-O Be7 6. Nbc3 c6 7.
a4 a5 8. Kh1 Qc7 9. f4 exd4 10.
Nxd4 Nc5 11. Qe1 Nxd3 12. cxd3 Bg4 13. Qg3 Bh5 14. Nf5 O-O-O 15. Be3 Kb8 16. Rac1 Bg6 17. Nb5 Qd7 18. Bb6 cxb5 19. Bc7+ Ka8 20. axb5 Bxf5 21. exf5 Qxb5 22. b4 a4 23. Ra1 Rc8 24. Rfc1 Nd5 25. Ba5 Nc3 26. Qe1 Bf6 27. Rc2 d5 28. d4 Bxd4 29.
Qd2 Bf6 30. Ra3 d4 31. Qc1 Rhd8 32. Qa1 d3 33. Rcxc3 Rxc3 34. Rxc3 d2 35. Bxd8 Bxc3 36. Qd1 Qxb4 37. h3 Qxf4 38. Qe2 Qd4 39. Qd1 a3 40. Bb6 Qb4 41. Bc5 Qb5 42. Bxa3 b6 43. Qf3+ Ka7 0-1

[Event "*** Titled Tuesday Blitz"]
[Site "Chess.com"]
[Date "2020.05.12"]
[Round "1"]
[White "26andrej26"]
[Black "Hikaru"]
[Result "0-1"]
[WhiteElo "2465"]
[BlackElo "3245"]
[TimeControl "180+1"]
[EndTime "10:07:40 PDT"]
[Termination "Hikaru won by resignation"]

1. e4 c6 2. d4 d5 3. Nc3 dxe4 4. Nxe4 Nf6 5. Nxf6+ gxf6 6. c3 Bf5 7. Bd3 Bg6 8. Ne2 e6 9. Nf4 Bd6 10. Nxg6 hxg6 11.
Qe2 Nd7 12. Bd2 Qc7 13. h4 O-O-O 14. g3 c5 15. Be3 cxd4 16. cxd4 Kb8 17. a3 Qc6 18. Rh2 Nb6 19. Rc1 Qd5 20. Kf1 Rc8 21. Rd1 Qb3 22. h5 Nd5 23. Bc1 f5 24. Kg1 f4 25. h6 fxg3 26. Rh4 gxf2+ 27. Kxf2 Rxc1 28.
Rxc1 Nf4 29. Rxf4 Bxf4 30. Rc4 Rxh6 31. Qe4 Bd6 32. Rb4 Bxb4 33. Qf4+ Kc8 34. Qxh6 Qxd3 35.
Qh8+ Kd7 36. axb4 Qd2+ 37. Kf3 Qxb4 38. Qf6 Qe7 39. Qe5 Qd6 40. Qf6 Qd5+ 41. Ke3 Qf5 42.
Qh8 g5 43. Qa8 Qb5 44. Qf8 Qb3+ 45. Ke4 f5+ 46. Ke5 Qd5+ 47. Kf6 Qxd4+ 48. Kxg5 Qd6 49. Qa8 Qe7+ 50. Kf4 Qb4+ 51. Kg5 a6 52. Qh8 Qe7+ 53. Kf4 Qd6+ 54. Kg5 Kc6 55. Qc8+ Kb5 56. Kf6 f4 57. Qc3 e5+ 58. Kf5 Qd4 59. Qb3+ Kc6 60. Qe6+ Kc7 61. Qe7+ Qd7+ 62. Qxd7+ 0-1

[Event "*** Titled Tuesday Blitz"]
[Site "Chess.com"]
[Date "2020.05.12"]
[Round "1"]
[White "oneshot007"]
[Black "Gareth-Bale11"]
[Result "0-1"]
[WhiteElo "2378"]
[BlackElo "2722"]
[TimeControl "180+1"]
[EndTime "10:07:40 PDT"]
[Termination "Gareth-Bale11 won on time"]

1. e4 c5 2. Nf3 d6 3. d4 cxd4 4. Nxd4 Nf6 5. Nc3 a6 6. h4 e5 7. Nb3 Be6 8. f4 exf4 9. Bxf4 Qc7 10. Be2 Nc6 11. g4 h6 12. Rg1 Be7 13. g5 hxg5 14.
hxg5 Nd7 15. Qd2 Nce5 16. O-O-O Rc8 17. Kb1 Nb6 18. Rh1 Rxh1 19. Rxh1 Nbc4 20. Bxc4 Nxc4 21. Qd4 g6 22. Nd5 Bxd5 23. exd5 Kd7 24. Rh7 Ne5 25. c3 Qc4 26. Bxe5 dxe5 27. Qxe5 Qd3+ 28. Kc1 Qf1+ 29. Kc2 Bd6 30. Qf6 Qxf6 31. gxf6 Rf8 32. Nd2 g5 33. Rg7 Bf4 34. Ne4 b5 35. b3 Rh8 36.
Nxg5 Rh2+ 37. Kd3 Kd6 38. c4 bxc4+ 39. bxc4 Rxa2 40. Ne4+ Ke5 41. Rxf7 Kf5 0-1

[Event "*** Titled Tuesday Blitz"]
[Site "Chess.com"]
[Date "2020.05.12"]
[Round "1"]
[White "Vusatiuk_Vladimir"]
[Black "SketchyMoves"]
[Result "0-1"]
[WhiteElo "2309"]
[BlackElo "2629"]
[TimeControl "180+1"]
[EndTime "10:07:40 PDT"]
[Termination "SketchyMoves won by resignation"]

1. e4 c6 2. d4 d5 3. e5 Bf5 4. h4 h5 5. c4 e6 6. Nc3 Ne7 7.
Nge2 dxc4 8. Ng3 Bd3 9. Bxd3 cxd3 10. Bg5 Qxd4 11. O-O Nd7 12. Be3 Qxe5 13. Qxd3 Nd5 14. Bd4 Qf4 15. Rae1 Nxc3 16. Bxc3 Qxh4 17. Nf5 Qg4 18.
Nd6+ Bxd6 19. Qxd6 O-O-O 20. Ba5 Nb6 21. Qe5 Qd4 22.
Qg5 Rd5 23. Bxb6 axb6 24. Qc1 Rhd8 25. Re3 h4 26. Ra3 Kc7 27. Re1 Qg4 28. Rf3 R8d7 29. Rf4 Qd1 30. Rxh4 Qxc1 31. Rxc1 Rd1+ 32. Rxd1 Rxd1+ 33. Kh2 Rd2 34. Rh7 Rxb2 35. f3 Kd6 36. Rxg7 Ke7 37. a4 Rb4 38. Rg8 Rxa4 39. Rb8 Ra7 40. g4 b5 41. Kg3 b4 42. Rh8 b3 43. Rh1 c5 44. Kf4 b5 45. Ke3 Rd7 46. f4 c4 47.
f5 exf5 48. Rb1 fxg4 49. Kf4 Rd4+ 50. Kg3 f5 51. Rb2 Kf6 52. Rb1 Kg5 53. Kg2 f4 54. Rh1 Rd2+ 55. Kg1 b2 0-1

[Event "*** Titled Tuesday Blitz"]
[Site "Chess.com"]
[Date "2020.05.12"]
[Round "1"]
[White "Muracle"]
[Black "The_Machine04"]
[Result "0-1"]
[WhiteElo "2596"]
[BlackElo "2311"]
[TimeControl "180+1"]
[EndTime "10:07:40 PDT"]
[Termination "The_Machine04 won on time"]

1. c4 e6 2. g3 d5 3. Bg2 Nf6 4. Nf3 dxc4 5. O-O Nbd7 6. Qa4 a6 7. Qxc4 b5 8. Qc2 Bb7 9. d4 Rc8 10. a4 c5 11. axb5 axb5 12. dxc5 Bxc5 13. Qb3 Qb6 14. Nc3 Bc6 15. Bf4 O-O 16. Rad1 Ra8 17. Bd6 Bxd6 18.
Rxd6 Qb7 19. Rfd1 b4 20. Rxc6 Qxc6 21. Qxb4 Rab8 22. Qa3 Qb6 23. Rd2 Qc5 24. Qa4 Rb4 25. Qd1 Ne5 26. Nxe5 Qxe5 27. h3 Qb8 28. Qc2 g6 29. e3 Rd8 30. Re2 Qa7 31. e4 Rdb8 32. Nd1 Qa1 33. Kh2 Qa5 34. Qc3 e5 35. Ne3 R4b5 36. Qc6 Qb6 37. Qc3 Qd4 38. Qc6 R5b6 39. Qc7 Rxb2 40. Rxb2 Rxb2 41. Kg1 Rb1+ 42. Kh2 Nxe4 43.
Ng4 Kg7 44. Nxe5 Nd6 45. Ng4 h5 46. Ne3 Ne4 0-1

[Event "*** Titled Tuesday Blitz"]
[Site "Chess.com"]
[Date "2020.05.12"]
[Round "1"]
[White "DaggiGretarsson"]
[Black "Caisachess"]
[Result "0-1"]
[WhiteElo "2587"]
[BlackElo "2303"]
[TimeControl "180+1"]
[EndTime "10:07:40 PDT"]
[Termination "Caisachess won on time"]

1. d4 Nf6 2. c4 e6 3. Nf3 d5 4. Nc3 Bb4 5. Qa4+ Nc6 6. cxd5 exd5 7. Bg5 h6 8. Bxf6 Qxf6 9. e3 O-O 10. Be2 Be6 11. O-O a6 12. Qb3 Bd6 13. Nxd5 Qf5 14. e4 Qxe4 15. Nc3 Qf4 16. Qd1 Rad8 17. d5 Bb4 18. g3 Qf5 19. Nh4 Qh3 20. Bf3 Ne7 21. Bg2 Qg4 22. Qb3 Bc8 23. h3 Qd4 24. Rad1 Qc5 25.
Ne4 Qb5 26. a4 Qa5 27. Rd4 Bd6 28. Nxd6 Rxd6 29. Rc1 Rfd8 30. Rdc4 Nxd5 31. Bxd5 Rxd5 32. Rxc7 Bxh3 33. Qxb7 Be6 34. Qb3 Rd1+ 35. Rxd1 Qxc7 36. Rxd8+ Qxd8 37. Qc2 Qd4 38. Ng2 Bd5 39. Ne3 Bb7 40. Qb3 Qe4 41. Kf1 h5 42. Ke2 Qf3+ 43. Ke1 Be4 0-1

[Event "*** Titled Tuesday Blitz"]
[Site "Chess.com"]
[Date "2020.05.12"]
[Round "1"]
[White "bilelou"]
[Black "Klavdia_Nik"]
[Result "1-0"]
[WhiteElo "2494"]
[BlackElo "2070"]
[TimeControl "180+1"]
[EndTime "10:07:40 PDT"]
[Termination "bilelou won on time"]

1. e4 e5 2. Nf3 Nc6 3. Bb5 a6 4. Ba4 Nf6 5. O-O Be7 6. d3 b5 7.
Bb3 d6 8. a3 O-O 9. Nc3 h6 10. h3 Bb7 11. Be3 Re8 12. Qd2 Bf8 13. Nd5 a5 14. a4 b4 15. c3 bxc3 16. bxc3 Rb8 17. Rab1 Ba6 18. Rfd1 Nd7 19. Qa2 Nf6 20. Bc4 Bxc4 21. Qxc4 Nxd5 22. Qxd5 Qd7 23. Nd2 Ne7 24.
Qxa5 Ra8 25. Qb5 c6 26. Qb3 Reb8 27. Qxb8 Rxb8 28. Rxb8 c5 29. Ra1 Nc6 30. Rb5 Be7 31. Nc4 Bd8 32. a5 Nxa5 33. Rbxa5 Bxa5 34. Rxa5 f5 35.
f3 fxe4 36. fxe4 d5 37. Nb6 Qc6 38. Rxc5 Qg6 39. Nxd5 Qh5 40. Kh2 Qe2 41. d4 exd4 42. cxd4 Kh7 43. e5 h5 44. e6 h4 45. e7 Qe1 46. Rc1 Qg3+ 47. Kh1 Qb8 48. Re1 1-0

[Event "*** Titled Tuesday Blitz"]
[Site "Chess.com"]
[Date "2020.05.12"]
[Round "1"]
[White "PavlovDanila"]
[Black "KarstenHansch"]
[Result "1-0"]
[WhiteElo "2699"]
[BlackElo "2359"]
[TimeControl "180+1"]
[EndTime "10:07:41 PDT"]
[Termination "PavlovDanila won by checkmate"]

1. e4 c6 2. Nc3 d5 3. Nf3 dxe4 4. Nxe4 Nf6 5. Ng3 Bg4 6. h3 Bxf3 7. Qxf3 Nbd7 8. d4 e5 9. dxe5 Nxe5 10. Qb3 Qb6 11.
Be3 Qxb3 12. axb3 a6 13. Be2 Bd6 14. Nf5 Bf8 15. O-O g6 16. Bd4 Ned7 17. Ng3 Bg7 18. Bf3 O-O 19. Rfe1 Rfe8 20. Rad1 Rxe1+ 21. Rxe1 Re8 22. Rd1 Ne5 23. Be2 h5 24. Bf1 Nd5 25. Ne4 Nf4 26. Nd6 Re7 27. Be3 Nd5 28. Bc5 Rd7 29. Ne4 Nf6 30.
Nxf6+ Bxf6 31. Re1 Rd2 32. f4 Nd7 33. Re8+ Kg7 34.
Bb4 Rxc2 35. Bc4 b5 36. Be2 c5 37. Ba5 Bd4+ 38. Kh2 Nf6 39. Re7 Nd5 40. Re8 Nxf4 41. Bf3 Ne6 42. Bd5 Rxb2 43. Re7 Kf6 44. Re8 Nf4 45.
Bd8+ Kf5 46. Bf3 Rxb3 47. Be4# 1-0

[Event "*** Titled Tuesday Blitz"]
[Site "Chess.com"]
[Date "2020.05.12"]
[Round "1"]
[White "theblitzchamp"]
[Black "WeAintSurePal"]
[Result "1-0"]
[WhiteElo "2670"]
[BlackElo "2341"]
[TimeControl "180+1"]
[EndTime "10:07:41 PDT"]
[Termination "theblitzchamp won by checkmate"]

1. d4 d5 2. Bf4 e6 3. e3 Nf6 4. Nd2 c5 5. c3 Nc6 6. Ngf3 Be7 7. Bd3 O-O 8. Ne5 Bd7 9. Ndf3 Rc8 10. h4 b5 11. g4 b4 12. g5 Ne4 13. Bxe4 dxe4 14. Nd2 bxc3 15. bxc3 cxd4 16. cxd4 Nxe5 17. Bxe5 f6 18.
gxf6 Bxf6 19. Bf4 Qa5 20. Kf1 Ba4 21. Qe1 Qf5 22. Rc1 Bb5+ 23. Kg1 Rxc1 24. Qxc1 e5 25.
Qc5 Qg4+ 26. Bg3 exd4 27. Qxb5 dxe3 28. Qb3+ Kh8 29. Qxe3 Be5 30. Nxe4 Bxg3 31. Nxg3 h6 32. Qe4 Rf4 33. Qe8+ Kh7 34. Qe3 Qd1+ 35. Kg2 Qd5+ 36.
Kh2 Qf7 37. Kg2 Qd5+ 38. f3 Rd4 39. h5 Rd2+ 40. Ne2 Qc4 41. Kf2 Qxa2 42. Rg1 Qc2 43. Qe5 Qd3 44. Qxg7# 1-0

[Event "*** Titled Tuesday Blitz"]
[Site "Chess.com"]
[Date "2020.05.12"]
[Round "1"]
[White "ketster"]
[Black "RobertoJBM"]
[Result "0-1"]
[WhiteElo "2275"]
[BlackElo "2590"]
[TimeControl "180+1"]
[EndTime "10:07:41 PDT"]
[Termination "RobertoJBM won on time"]

1. d4 d5 2. c4 e6 3. Nc3 Be7 4.
cxd5 exd5 5. Bf4 c6 6. e3 Bf5 7. g4 Be6 8. h3 Bd6 9. Nge2 Ne7 10. Bxd6 Qxd6 11. Nf4 Qb4 12. Qd2 Nd7 13. Bd3 g5 14. Nxe6 fxe6 15. O-O-O O-O-O 16. h4 h6 17. Ne2 Qxd2+ 18.
Kxd2 e5 19. hxg5 hxg5 20. Ng3 e4 21. Bc2 Nf6 22. f3 exf3 23. Rdf1 Nxg4 24. Rxh8 Rxh8 25. Rxf3 Rh2+ 26. Kc3 Rf2 27. Rxf2 Nxf2 28. Kd2 Ng4 29. Ke2 Nf6 30. Kf3 Kd7 31. Nf5 Nxf5 32. Bxf5+ Kd6 33. Bc8 b6 34. Bf5 c5 35. Bd3 c4 36. Bc2 b5 37. Kg3 a5 38. a3 b4 39. axb4 axb4 40.
Kf3 Kc6 41. Ba4+ Kb6 42. Bc2 b3 43. Bb1 Kb5 44. Kg3 Kb4 45. Kf3 c3 46. bxc3+ Kxc3 47. Ke2 Kb2 48. Bd3 Kc1 49. Ke1 b2 0-1

[Event "*** Titled Tuesday Blitz"]
[Site "Chess.com"]
[Date "2020.05.12"]
[Round "1"]
[White "2L8IWUN"]
[Black "vladislavkovalev"]
[Result "0-1"]
[WhiteElo "2447"]
[BlackElo "2900"]
[TimeControl "180+1"]
[EndTime "10:07:42 PDT"]
[Termination "vladislavkovalev won by resignation"]

1. Nf3 Nf6 2. c4 e6 3. e3 d5 4. b3 Be7 5. Bb2 O-O 6. Nc3 b6 7. Be2 Bb7 8. O-O c5 9. cxd5 Nxd5 10. d4 Nxc3 11. Bxc3 Nd7 12. Rc1 Rc8 13. dxc5 Nxc5 14.
Qxd8 Rfxd8 15. Rfd1 Rxd1+ 16. Rxd1 Nxb3 17. Rd7 Bxf3 18. gxf3 Nc1 19. Bf1 Nxa2 20. Bxg7 Kxg7 21. Rxa7 Rc2 22.
Rxe7 Nc3 23. Rb7 Rb2 24. Bc4 Kf6 25. f4 Ne4 26. Rb8 Nxf2 27. Kg2 Ne4+ 28. Kh3 Nd6 29.
Bd3 Rb3 30. Bxh7 Rxe3+ 31. Kg2 Rb3 32. h4 Kg7 33. Rd8 Rb2+ 34. Kf3 Kxh7 35. Rxd6 b5 36. f5 exf5 37. Rf6 Kg7 38. Rxf5 b4 39. Rb5 b3 40. Kg3 Rb1 41. Rb7 b2 42. Kg2 Kh6 43. Rb5 f5 44. Rb6+ Kh5 45. Rb8 f4 46. Kh2 f3 47. Rh8+ Kg6 48. Rb8 f2 0-1

[Event "*** Titled Tuesday Blitz"]
[Site "Chess.com"]
[Date "2020.05.12"]
[Round "1"]
[White "Konek-Gorbunok"]
[Black "Alohamora11"]
[Result "1-0"]
[WhiteElo "2163"]
[BlackElo "2497"]
[TimeControl "180+1"]
[EndTime "10:07:42 PDT"]
[Termination "Konek-Gorbunok won by checkmate"]

1. d4 Nf6 2. Nf3 c5 3. c4 g6 4. Nc3 cxd4 5. Nxd4 Nc6 6. e3 Bg7 7. Be2 O-O 8. O-O Nxd4 9. exd4 d5 10. c5 b6 11. b4 a5 12. b5 bxc5 13. dxc5 Ne4 14. Nxe4 Bxa1 15. Bh6 Bg7 16. Bxg7 Kxg7 17. Qd4+ e5 18. Qxe5+ f6 19. Nxf6 Qxf6 20. Qxd5 Be6 21. Qd2 Rfd8 22. Qc2 Bf5 23. Qc1 Bd3 24. Bxd3 Rxd3 25.
c6 Rc3 26. Qd2 Rd8 27. Qe2 a4 28. g3 Rc5 29. Rb1 Rb8 30. Rb4 Rb6 31. Rd4 Qxd4 32. Qe7+ Kh6 33. Qf8+ Kh5 34. Qe7 Rc1+ 35. Kg2 Qd5+ 36.
Kh3 Qf5+ 37. Kg2 Qd5+ 38. Kh3 Rc3 39. Qh4# 1-0

[Event "*** Titled Tuesday Blitz"]
[Site "Chess.com"]
[Date "2020.05.12"]
[Round "1"]
[White "Flawless_Fighter"]
[Black "HouseOfDurin"]
[Result "1-0"]
[WhiteElo "2480"]
[BlackElo "1989"]
[TimeControl "180+1"]
[EndTime "10:07:42 PDT"]
[Termination "Flawless_Fighter won on time"]

1. e4 c5 2. Nf3 Nc6 3. Bb5 g6 4. Bxc6 bxc6 5. O-O Bg7 6. Re1 e5 7. c3 Ne7 8. d4 cxd4 9. cxd4 exd4 10. Nxd4 O-O 11.
Nc3 Rb8 12. Nb3 d5 13. exd5 Nxd5 14. Nxd5 Qxd5 15. Bf4 Rb7 16. Qxd5 cxd5 17. Be5 d4 18. Rad1 Be6 19. Bxg7 Bxb3 20. Bxf8 Bxd1 21. Bc5 Bg4 22. Bxd4 Be6 23. b3 a6 24. Bf6 Rb8 25. Rd1 Ra8 26.
h3 h5 27. Rd4 Kf8 28. Kh2 Ke8 29. Kg3 Bd7 30. Kf4 Be6 31. Kg5 Kf8 32. Kh6 Kg8 33.
Rd6 Bf5 34. Rb6 Be6 35. f3 Bf5 36. g4 hxg4 37. hxg4 Be6 38. Rd6 Kf8 39. Kg5 Kg8 40. f4 Kf8 41. f5 gxf5 42. gxf5 1-0

[Event "*** Titled Tuesday Blitz"]
[Site "Chess.com"]
[Date "2020.05.12"]
[Round "1"]
[White "kingofthenil"]
[Black "Duhless"]
[Result "0-1"]
[WhiteElo "2465"]
[BlackElo "3093"]
[TimeControl "180+1"]
[EndTime "10:07:43 PDT"]
[Termination "Duhless won on time"]

1. d4 Nf6 2. c4 e6 3. Nc3 Bb4 4. a3 Bxc3+ 5. bxc3 c5 6. f3 Nc6 7. e4 d6 8. Be3 b6 9. Bd3 Qc7 10. Ne2 Na5 11. O-O Ba6 12. Bg5 Nd7 13. f4 Bxc4 14. f5 e5 15. f6 g6 16. dxe5 Bxd3 17. Qxd3 dxe5 18. c4 O-O-O 19. Nc3 Kb8 20. Nd5 Qc6 21. Rab1 Rhe8 22. Qc3 Qa4 23. Rfc1 Nb7 24. Ne7 Nd6 25.
Qd3 Nf8 26. Qd5 Ne6 27. Nc6+ Kc7 28. Nxd8 Nxd8 29. Rd1 N8b7 30. Rbc1 Re6 31. Bh4 Qc6 32. Bg3 Qxd5 33. cxd5 Re8 34. Re1 b5 35. Kf2 a5 36.
Kf3 Kb6 37. Bf2 b4 38. axb4 axb4 39. Ra1 Kb5 40. Ra7 Rc8 41. Rea1 b3 42. Rb1 c4 0-1

[Event "*** Titled Tuesday Blitz"]
[Site "Chess.com"]
[Date "2020.05.12"]
[Round "1"]
[White "Man-Chuk"]
[Black "GrafLermontov"]
[Result "1-0"]
[WhiteElo "2716"]
[BlackElo "2377"]
[TimeControl "180+1"]
[EndTime "10:07:43 PDT"]
[Termination "Man-Chuk won by resignation"]

1. d4 Nf6 2. c4 g6 3. Nc3 d5 4.
cxd5 Nxd5 5. e4 Nxc3 6. bxc3 Bg7 7. Be3 c5 8. Nf3 Qa5 9. Qd2 cxd4 10. cxd4 Qxd2+ 11. Nxd2 Nc6 12. Nb3 O-O 13. Rc1 Rd8 14.
d5 Ne5 15. Be2 Ng4 16. Bc5 Bf8 17. O-O Nf6 18. f3 e6 19. Bxf8 Kxf8 20. d6 e5 21. Rfd1 Ne8 22. Rxc8 Raxc8 23. d7 Rc2 24. dxe8=Q+ Kxe8 25.
Bb5+ Ke7 26. Ra1 a6 27. Bf1 f5 28. a4 fxe4 29. fxe4 Rdc8 30. Rb1 b5 31. axb5 axb5 32. Bxb5 Rb8 33. Bf1 Rc3 34. Nd2 Rxb1 35. Nxb1 Rc2 36. Bd3 Rb2 37. Nc3 Kf6 38. h4 h6 39. Nd5+ Kg7 40. Kf1 h5 41. Be2 Rb1+ 42. Kf2 Rb3 43. g3 Kh6 44. Bc4 g5 45. Bxb3 gxh4 46. gxh4 1-0

[Event "*** Titled Tuesday Blitz"]
[Site "Chess.com"]
[Date "2020.05.12"]
[Round "1"]
[White "Quattroporte300"]
[Black "Leonid_Starozhilov"]
[Result "0-1"]
[WhiteElo "2337"]
[BlackElo "2660"]
[TimeControl "180+1"]
[EndTime "10:07:43 PDT"]
[Termination "Leonid_Starozhilov won by resignation"]

1. e4 g6 2. d4 Bg7 3. Nc3 c6 4. f4 d5 5. e5 h5 6. Be2 Nh6 7. Nf3 Bg4 8. Be3 Nf5 9. Bf2 e6 10. Qd2 Nd7 11. O-O-O Qa5 12. Kb1 Nb6 13.
h3 Bxf3 14. Bxf3 Nc4 15. Qc1 h4 16. Be2 b5 17. Bxc4 bxc4 18. Qd2 Rb8 19. Ka1 Bf8 20. Ne4 Qxd2 21. Nf6+ Kd8 22. Rxd2 Be7 23. Ng4 Kd7 24. Ne3 a5 25. Nxf5 gxf5 26. b3 Bb4 27. Re2 a4 28.
Be1 axb3 29. Bxb4 Rxb4 30. axb3 cxb3 31. c3 Ra8+ 32. Kb2 Ra2+ 33. Kb1 Rxe2 34. cxb4 Rxg2 35. Rc1 Rg3 36. Kb2 Rxh3 37. Rg1 Rg3 38. Rh1 h3 39. Ra1 h2 40. Rh1 Rh3 41. Kc1 Kc7 42. Kb2 Kb6 43.
Kb1 Kb5 44. Kb2 Kxb4 45. Kb1 Kc4 0-1

[Event "*** Titled Tuesday Blitz"]
[Site "Chess.com"]
[Date "2020.05.12"]
[Round "1"]
[White "silverback96"]
[Black "Koksik_13"]
[Result "0-1"]
[WhiteElo "2217"]
[BlackElo "2553"]
[TimeControl "180+1"]
[EndTime "10:07:43 PDT"]
[Termination "Koksik_13 won by checkmate"]

1. Nf3 e6 2. g3 Nf6 3. Bg2 Be7 4. O-O O-O 5. d4 d5 6. c4 dxc4 7. Qc2 a6 8. a4 Bd7 9. Bg5 Bc6 10. Qxc4 Bd5 11. Qc2 Nc6 12. Nc3 Nb4 13. Qd1 Ne4 14.
Bxe7 Qxe7 15. Nxd5 exd5 16. Nd2 Nxd2 17. Qxd2 c6 18.
a5 c5 19. Ra4 Nc6 20. dxc5 Qxc5 21. Qxd5 Qc2 22. Qe4 Qxb2 23. Rb1 Qf6 24. Rxb7 Rad8 25. Rb6 Rd1+ 26. Bf1 Rd6 27. Rxa6 Rfd8 28. e3 g6 29. Rc4 Ne5 30. Rxd6 Rxd6 31. Rc8+ Kg7 32. a6 Nf3+ 33.
Kg2 Ne1+ 34. Kg1 Nf3+ 35. Kg2 Nd2 36. Qa4 Qf3+ 37. Kg1 Nxf1 38. Rc1 Nxe3 39. fxe3 Qxe3+ 40. Kg2 Rd2+ 41. Kh3 Qe6+ 42. Kh4 Rxh2+ 43. Kg5 Qf5# 0-1

[Event "*** Titled Tuesday Blitz"]
[Site "Chess.com"]
[Date "2020.05.12"]
[Round "1"]
[White "m-garcett"]
[Black "gvanna"]
[Result "0-1"]
[WhiteElo "1993"]
[BlackElo "2481"]
[TimeControl "180+1"]
[EndTime "10:07:43 PDT"]
[Termination "gvanna won by checkmate"]

1. e4 c5 2. Nf3 Nc6 3. d4 cxd4 4.
Nxd4 g6 5. Be3 Bg7 6. Nc3 Nf6 7. Bc4 Qa5 8. O-O O-O 9. h3 Qb4 10. Bb3 Nxd4 11. Bxd4 Nxe4 12. Bxg7 Kxg7 13. Nd5 Qc5 14. Qf3 f5 15. Qf4 d6 16. Nxe7 Bd7 17. Qe3 Qe5 18. Nd5 Qxb2 19. Rab1 Qe5 20. Nf4 Nc3 21. Rbe1 Rfe8 22. Qxe5+ dxe5 23. Nd3 e4 24. Nc5 Bc6 25. Ne6+ Kh6 26. Re3 Bd5 27. Rxc3 Bxe6 28. Rc7 Rab8 29. Rb1 Bxb3 30. Rxb3 Rec8 31. Rcxb7 Rxb7 32. Rxb7 a5 33. Rb5 a4 34. Rb4 a3 35. Rb3 Rxc2 36. Rxa3 f4 37. Ra4 Rc1+ 38. Kh2 Re1 39. g4 Kg5 40. Kg2 Kh4 41.
Ra7 h5 42. gxh5 gxh5 43. Ra4 Re2 44. Kf1 f3 45. Ra5 Rb2 46. Re5 Rb1# 0-1

[Event "*** Titled Tuesday Blitz"]
[Site "Chess.com"]
[Date "2020.05.12"]
[Round "1"]
[White "DonPreuss"]
[Black "LastHeroJr"]
[Result "0-1"]
[WhiteElo "2161"]
[BlackElo "2517"]
[TimeControl "180+1"]
[EndTime "10:07:44 PDT"]
[Termination "LastHeroJr won by resignation"]

1. d4 Nf6 2. Nc3 g6 3. e4 d6 4.
f4 Bg7 5. Nf3 O-O 6. e5 dxe5 7.
fxe5 Nd5 8. Bc4 Nxc3 9. bxc3 c5 10.
O-O Nc6 11. Ng5 e6 12. Ne4 cxd4 13. Bg5 Qc7 14. cxd4 Nxe5 15. dxe5 Qxc4 16. Nf6+ Kh8 17. Kh1 Qc3 18. Qe2 b6 19. Rab1 Bb7 20. Rb3 Qd4 21. Rh3 Bxf6 22. Bxf6+ Kg8 23. c3 Qe4 24. Qf2 Rac8 25. Rf3 Qg4 26. Rf4 Qh5 27. Rh4 Qf5 28. Rf4 Qh5 29. Rh4 Qf5 30. Rf4 Qh3 31. Rh4 Qd3 32.
Rxh7 Qxf1+ 33. Qxf1 Kxh7 34. Qf4 g5 35. Qxg5 Bxg2+ 36. Kxg2 Rg8 37. Kh3 Rxg5 38. Bxg5 Rxc3+ 39. Kg4 Ra3 40. Bf6 Rxa2 41. h4 Ra4+ 42. Kg5 Ra1 43. h5 a5 44. Kf4 a4 45. Ke4 a3 46. Kd4 a2 0-1

[Event "*** Titled Tuesday Blitz"]
[Site "Chess.com"]
[Date "2020.05.12"]
[Round "1"]
[White "ehrenfeld"]
[Black "robertofabregas"]
[Result "1-0"]
[WhiteElo "2503"]
[BlackElo "2101"]
[TimeControl "180+1"]
[EndTime "10:07:44 PDT"]
[Termination "ehrenfeld won by checkmate"]

1. e4 c5 2. d3 Nc6 3. f4 d6 4. Nf3 g6 5. Be2 Bg7 6. O-O Qc7 7. c3 e6 8. Be3 Nge7 9. d4 b6 10. Na3 a6 11. Qd2 O-O 12. Nc2 Rd8 13. Rad1 Bb7 14. Bd3 c4 15. Be2 d5 16. e5 Nf5 17. Bf2 b5 18. g4 Nfe7 19. Ne3 a5 20. Bh4 Bh6 21.
Bg5 Bxg5 22. Nxg5 h6 23. Nf3 Bc8 24. Kh1 Kg7 25. Rg1 Rh8 26. Nh4 Bd7 27. f5 g5 28.
f6+ Kg8 29. Nf3 Ng6 30. Ng2 b4 31. h4 bxc3 32. bxc3 gxh4 33. Nfxh4 Nxh4 34. Nxh4 Nxe5 35. Qf4 Rc8 36. dxe5 Kf8 37. Nf3 Ke8 38. Nd4 Ba4 39. Rb1 Kd7 40. Kg2 Rb8 41. Kf2 Rxb1 42. Rxb1 Rb8 43.
Rxb8 Qxb8 44. Nf3 Qb2 45. Qd4 Qxa2 46. g5 hxg5 47. Nxg5 Bc2 48. Qa7+ Kc6 49. Qa6+ Kc7 50. Qd6+ Kb7 51. Qd7+ Kb6 52. Nf3 Bd3 53. Nd4 Qd2 54. Qc6+ Ka7 55. Nb5+ Kb8 56. Qc7+ Ka8 57. Qc8# 1-0

[Event "*** Titled Tuesday Blitz"]
[Site "Chess.com"]
[Date "2020.05.12"]
[Round "1"]
[White "sergeikim"]
[Black "Twitch_ElhamBlitz05"]
[Result "0-1"]
[WhiteElo "2419"]
[BlackElo "2803"]
[TimeControl "180+1"]
[EndTime "10:07:45 PDT"]
[Termination "Twitch_ElhamBlitz05 won by resignation"]

1. d4 Nf6 2. c4 e6 3. Nc3 d5 4.
Nf3 Bb4 5. e3 O-O 6. Bd3 dxc4 7.
Bxc4 a6 8. O-O b5 9. Bb3 Bb7 10.
Qe2 Nbd7 11. Rd1 Qe7 12. Bc2 Rad8 13. e4 e5 14. d5 Bc5 15. Nh4 g6 16. Bg5 Rfe8 17.
Rd3 h6 18. Bxh6 Nh5 19. Nf5 Qf6 20. Rh3 Nf4 21. Bxf4 exf4 22. Qg4 Ne5 23. Qxf4 gxf5 24. exf5 Bxd5 25. Nxd5 Rxd5 26. Bb3 Rd4 27. Rg3+ Kf8 28.
Qc1 Red8 29. Qxc5+ Qd6 30. Qc1 Nd3 31. Qe3 Nf4 32.
h3 Re8 33. Qf3 Ne2+ 34. Kh2 Nxg3 35. fxg3 Rd3 36. Qh5 Qxg3+ 37. Kh1 Re1+ 38. Rxe1 Qxe1+ 39. Kh2 Qe5+ 40. Kh1 Qf6 41. Kh2 Re3 42. Qd1 Qe5+ 0-1